Workbook
Name \b: #REF!
Name \b: #REF!
Name \b: #REF!
Name \c: #REF!
Name \c: #REF!
Name \c: #REF!
Name \i: #REF!
Name \i: #REF!
Name \i: #REF!
Name \m: #REF!
Name \m: #REF!
Name \o: #REF!
Name \o: #REF!
Name \t: #REF!
Name \t: #REF!
Name \x: #REF!
Name \x: #REF!
Name \z: #REF!
Name \z: #REF!
Name _____________cua1: '[1]ALCANTARILLADO RAS'!$A$4:$B$14
Name _____________DMD1: #REF!
Name _____________DMD1: #REF!
Name _____________DMD1: #REF!
Name _____________VPD1: [2]TARIFAS!$C$582
Name _____________VPI1: [2]TARIFAS!$C$580
Name _____________VRA1: [2]TARIFAS!$C$579
Name ____________cua1: '[1]ALCANTARILLADO RAS'!$A$4:$B$14
Name ____________DMD1: #REF!
Name ____________DMD1: #REF!
Name ____________DMD1: #REF!
Name ____________VPD1: [2]TARIFAS!$C$582
Name ____________VPI1: [2]TARIFAS!$C$580
Name ____________VRA1: [2]TARIFAS!$C$579
Name ___________cua1: '[1]ALCANTARILLADO RAS'!$A$4:$B$14
Name ___________DMD1: #REF!
Name ___________DMD1: #REF!
Name ___________DMD1: #REF!
Name ___________VPD1: [2]TARIFAS!$C$582
Name ___________VPI1: [2]TARIFAS!$C$580
Name ___________VRA1: [2]TARIFAS!$C$579
Name __________cua1: '[1]ALCANTARILLADO RAS'!$A$4:$B$14
Name __________DMD1: #REF!
Name __________DMD1: #REF!
Name __________DMD1: #REF!
Name __________MA2: #REF!
Name __________MA2: #REF!
Name __________MA2: #REF!
Name __________Rc: #REF!
Name __________Rc: #REF!
Name __________Rc: #REF!
Name __________VPD1: [2]TARIFAS!$C$582
Name __________VPI1: [2]TARIFAS!$C$580
Name __________VRA1: [2]TARIFAS!$C$579
Name _________cua1: '[1]ALCANTARILLADO RAS'!$A$4:$B$14
Name _________DMD1: #REF!
Name _________DMD1: #REF!
Name _________DMD1: #REF!
Name _________MA2: #REF!
Name _________MA2: #REF!
Name _________MA2: #REF!

Sheet materiales
A1: MATERIALES
A2: Descripción | B2: Unidad | C2: Las Casas | D2: Homecenter | E2: Distrias | F2: Germanagro | L2: Promedio
A3: Puntillas | B3: Kg | C3: =ROUND(7563*1.19,0) -> 9000 | D3: 9900 | E3: 10472 | F3: =5500*2 -> 11000 | L3: =ROUND(AVERAGE(C3:K3),0) -> 10093
A4: Nylon | B4: Metro | C4: =ROUND(2605*1.19,0)/65 -> 47.692308 | D4: 99 | F4: 25.333333 | L4: =ROUND(AVERAGE(C4:K4),0) -> 57
A6: MATERIALES
A7: Descripción | B7: Unidad | C7: Colanta | D7: Germanagro* | E7: Germanagro* | F7: Germanagro* | G7: Estación Agricola | H7: Agropaisa** | I7: Agropaisa** | J7: Inversiones Distiagro SAS | K7: Vivero La Orquidea | L7: Promedio
A8: Alambre de puas calibre 16.5" | B8: Und | C8: 184911 | D8: 195000 | E8: 170000 | F8: 150000 | G8: 187300 | H8: 185000 | I8: 164000 | J8: =129832*1.19 -> 154500.08 | K8: 150000 | L8: =ROUND(AVERAGE(C8:K8),0) -> 171190
A9: Grapas de 1" x kilo | B9: Kilo | C9: 10209 | D9: 12000 | G9: 10300 | H9: 12000 | J9: =9664*1.19 -> 11500.16 | K9: 12000 | L9: =ROUND(AVERAGE(C9:K9),0) -> 11335
A10: Fertilizante edáfico triple 15 | B10: Kg | C10: =125842/50 -> 2516.84 | G10: =160000/50 -> 3200 | H10: =142000/50 -> 2840 | J10: =138500/50 -> 2770 | K10: =175000/50 -> 3500 | L10: =ROUND(AVERAGE(C10:K10),0) -> 2965
A11: Cipremetrina agricola x litro o Kg | B11: Lt | C11: 21644 | D11: 33000 | G11: 28700 | H11: 21000 | J11: 28500 | K11: 30000 | L11: =ROUND(AVERAGE(C11:K11),0) -> 27141
A13: *Nota 1: Se coloca tres veces Germanagro porque cotizaron alambre de Púas de tres marcas diferentes
A14: **Nota 2: Se coloca dos veces Agropaisa SAS porque cotizaron alambre de Púas de dos marcas diferentes
A15: Nota 3: El precio del fertilizante de las cotizaciones es bulto de 50kg, por lo cual para calcular el valor por kilo se divide el valor del bulto entre 50
A17: MATERIALES
A18: Descripción | B18: Unidad | C18: Vivero La Mora | D18: Vivero La Orquidea | E18: Vivero El Roble | F18: Fitoforest | G18: Betanci Forestal | H18: Maderas Dorada | L18: Promedio
A19: Arbol nativo entre 30 y 45cm | B19: Un | C19: 1350 | D19: 1500 | E19: 1500 | L19: =ROUND(AVERAGE(C19:K19),0) -> 1450
A20: Postes | B20: Und | D20: 16000 | F20: 15000 | G20: 15500 | H20: 18900 | L20: =ROUND(AVERAGE(C20:K20),0) -> 16350
A22: MATERIALES
A23: Descripción | B23: Unidad | C23: Agrecord S.A.S. | D23: Grupo Agregar SAS | E23: Distrias | F23: Las Casas | G23: Villa Carmen | H23: Comercial TIR | I23: Geomatrix | L23: Promedio
A24: Piedra rajón | B24: M2 | C24: =35000*(1+19%) -> 41650 | D24: =52600*(1+19%) -> 62594 | G24: 52000 | L24: =ROUND(AVERAGE(C24:K24),0) -> 52081
A25: Geotextil NT 2000 o similar | B25: M3 | E25: =7448*(1+19%) -> 8863.12 | F25: =4350*(1+19%) -> 5176.5 | I25: =7504*1.19 -> 8929.76 | L25: =ROUND(AVERAGE(C25:K25),0) -> 7656
A26: Material de filtro tamaño máximo 1" | B26: Und | C26: =80000*(1+19%) -> 95200 | D26: =100000*1.19 -> 119000 | H26: =18487*5 -> 92435 | L26: =ROUND(AVERAGE(C26:K26),0) -> 102212
A28: Nota: se incluye el IVA a los materiales

Sheet talleres-equipos-personal
A1: LOGISTICA TALLERES
A2: Descripción | B2: Unidad | C2: Auditamos - Ingeniería y Consultorias SAS | D2: giercon sas | E2: ssr operador logistico sas | K2: Promedio
A3: MANO DE OBRA
A4: Tallerista | B4: Dia | C4: 324000 | D4: 310000 | E4: =213525*1.19 -> 254094.75 | K4: =ROUND(SUM(C4:E4)/3,0) -> 296032
A5: Auxiliar | B5: Dia | C5: 160000 | D5: 143000 | E5: 142350 | K5: =ROUND(SUM(C5:E5)/3,0) -> 148450
A6: EQUIPO
A7: Ayudas Audiovisuales (Videobeam mas computador) | B7: Dia | C7: 280000 | D7: =110000+150000 -> 260000 | E7: =120000+130000 -> 250000 | K7: =ROUND(SUM(C7:E7)/3,0) -> 263333
A8: INSUMOS
A9: Salón | B9: Dia | C9: 345000 | D9: 320000 | E9: 310000 | K9: =ROUND(SUM(C9:E9)/3,0) -> 325000
A10: Almuerzo | B10: Un | C10: 21000 | D10: 20000 | E10: 18000 | K10: =ROUND(SUM(C10:E10)/3,0) -> 19667
A11: Refrigerio | B11: Un | C11: 17800 | D11: 18000 | E11: 16800 | K11: =ROUND(SUM(C11:E11)/3,0) -> 17533
A13: EQUIPOS
A14: Descripción | B14: Unidad | C14: Equinorte | D14: Equipos de Sucre | E14: Maquicivil | F14: Sp maquinaria y Equipos | G14: Volqueteros S.A.S | H14: Ana Carolina Rojano | I14: serviproyectos sas y consultorias icp sas | J14: Jose Hernandez | K14: Promedio
A15: Bulldozer | B15: Hora | C15: 270000 | D15: 210000 | F15: 180000 | K15: =ROUND(AVERAGE(C15:H15),0) -> 220000
A16: Retroexcavadora | B16: Hora | C16: 180000 | D16: 200000 | E16: 180000 | F16: 230000 | K16: =ROUND(AVERAGE(C16:H16),0) -> 197500
A17: Moto Niveladora | B17: Hora | C17: 190000 | D17: 210000 | E17: 200000 | F17: 195000 | K17: =ROUND(AVERAGE(C17:H17),0) -> 198750
A18: volqueta | B18: Viaje | G18: 163350 | H18: 100000 | I18: 165000 | J18: 120000 | K18: =ROUND(AVERAGE(C18:J18),0) -> 137088
A19: Minicargador | B19: Hora | C19: 69500 | D19: 110000 | E19: 110000 | F19: 125000 | K19: =ROUND(AVERAGE(C19:I19),0) -> 103625
A20: Vibrocompactador | B20: Hora | C20: 88000 | D20: 140000 | E20: 120000 | F20: 130000 | K20: =ROUND(AVERAGE(C20:I20),0) -> 119500
A22: EQUIPOS
A23: Descripción | B23: Unidad | C23: Global | D23: Wisner Mieles | E23: Jonathan Lopez | K23: Promedio
A24: Equipo de topografia | B24: mes | C24: =ROUND(2000000,0) -> 2000000 | D24: =ROUND(2500000,0) -> 2500000 | E24: =ROUND(2200000,0) -> 2200000 | K24: =ROUND(AVERAGE(C24:I24),0) -> 2233333
A25: Equipo de topografia | B25: dia | C25: =ROUND(2000000/30,0) -> 66667 | D25: =ROUND(2500000/30,0) -> 83333 | E25: =ROUND(2200000/30,0) -> 73333 | K25: =ROUND(AVERAGE(C25:I25),0) -> 74444
A27: JORNALES - AÑO 2026
A28: SALARIO MINIMO LEGAL MENSUAL VIGENTE | G28: 1750905
A29: DESCRIPCION | B29: UNIDAD | C29: AÑO | D29: VR MES | E29: VR / DIA | F29: No. SMLMV | G29: PRESTACIONES SOCIALES + APORTES PARAFISCALES
A30: AYUDANTE | B30: MES | C30: 2026 | D30: =+G28 -> 1750905 | E30: =ROUND(D30/30,0) -> 58364 | F30: =+D30/G28 -> 1 | G30: 0.8
A31: CADENERO 1 | B31: MES | C31: 2026 | D31: =+G28*1.05 -> 1838450.2 | E31: =ROUND(D31/30,0) -> 61282 | F31: =+D31/G28 -> 1.05 | G31: =+G30 -> 0.8
A32: CADENERO 2 | B32: MES | C32: 2026 | D32: =+G28*1.05 -> 1838450.2 | E32: =ROUND(D32/30,0) -> 61282 | F32: =+D32/G28 -> 1.05 | G32: =+G30 -> 0.8
A33: OFICIAL | B33: MES | C33: 2026 | D33: =+G28*1.6 -> 2801448 | E33: =ROUND(D33/30,0) -> 93382 | F33: =+D33/G28 -> 1.6 | G33: =+G30 -> 0.8
A34: TOPOGRAFO | B34: MES | C34: 2026 | D34: =+G28*2 -> 3501810 | E34: =ROUND(D34/30,0) -> 116727 | F34: =+D34/G28 -> 2 | G34: =+G30 -> 0.8
A35: OPERADOR (RETROEXCAVADORA, MINICARGADOR, BULLDOZER, VIBROCOMPADOR) | B35: MES | C35: 2026 | D35: =+G28*1.86 -> 3256683.3 | E35: =ROUND(D35/30,0) -> 108556 | F35: =+D35/G28 -> 1.86 | G35: =+G31 -> 0.8
A37: CONCEPTO | C37: VALOR | D37: Se utiliza de base el salario mínimo mensual legal vigente para 2026
A38: SALARIO 2026 | C38: =+G28 -> 1750905
A39: AUXILIO DE TRANSPORTE 2026 | C39: 249095 | D39: =+C39/C38 -> 0.14226643
A40: TOTAL SALARIO MAS AUX. DE TRANSPORTE | C40: =+C38+C39 -> 2000000
A41: TOTAL MES AYUDANTE MAS PRESTACIONES DEL 80% | C41: =+ROUND(C38*1.8,0) -> 3151629
A42: Jornal Ayudante mas prestaciones del 80% | C42: =+ROUND(C41/30,0) -> 105054
A43: Jornal Ayudante Sin Prestaciones | C43: =+ROUND(C38/30,0) -> 58364

Sheet Prest hasta 2 SMMLV 
A1: CORPORACIÓN AUTÓNOMA REGIONAL DE LOS VALLES
A2: DEL SINÚ Y DEL SAN JORGE - CVS
A3: ANALÍSIS DE LAS PRESTACIONES SOCIALES
A4: AÑO 2025
A5: SALARIO MENSUAL HASTA 2 SMMLV
A7: No. | B7: DESCRIPCIÓN | C7: VALOR (%)
A8: 1 | B8: SUELDO ANUAL BÁSICO | C8: 100
A9: 2 | B9: PRESTACIONES SOCIALES (Expresado como % de 1)
A10: 2.1 | B10: Prima anual | C10: 8.33
A11: 2.2 | B11: Cesantia anual | C11: 8.33
A12: 2.3 | B12: Interés a las cesantías | C12: 1
A13: 2.4 | B13: Vacaciones anuales | C13: 4.17
A14: 2.5 | B14: Seguridad social
B15: Pensión | C15: 12
B16: Salud | C16: 8.5
B17: ARL | C17: 6.96
A18: 2.6 | B18: Caja de compensación familiar | C18: 4
A19: 2.7 | B19: SENA | C19: 2
A20: 2.8 | B20: ICBF | C20: 3
A21: 2.9 | B21: Auxilio de transporte | C21: 14.23
A22: 2.1 | B22: Vestido de Labor (Dotación) | C22: 7.48
B23: SUBTOTAL | C23: =SUM(C10:C22) -> 80
C24: =+C23/100 -> 0.8

Sheet Obra
B2: CORPORACION AUTÓNOMA REGIONAL DE LOS VALLES DEL SINÚ Y DEL SAN JORGE - CVS
B3: PROYECTO: RECUPERACIÓN AMBIENTAL Y DE LA CONECTIVIDAD HIDROLÓGICA DE UN TRAMO DEL CAÑO LA VIRGEN EN EL MUNICIPIO DE SAN PELAYO, DEPARTAMENTO DE CÓRDOBA
B4: PRESUPUESTO ESTIMADO DE LAS OBRAS
B5: No. | C5: DESCRIPCIÓN | D5: UNIDAD | E5: CANTIDAD | F5: VR. UNITARIO | G5: VR. TOTAL
B6: ACTIVIDAD 1.1.1 | C6: Realizar actividades preliminares | D6: Numero (N) | E6: 1 | F6: =+'Actividad 1.1.1'!F4 -> 29028000 | G6: =SUM(G7) -> 29028000 | H6: =+G6/1.269 -> 22874704
B7: APU 1.1.1.1 | C7: Localización, trazado y replanteo | D7: m | E7: 6560 | F7: =+'APU 1.1.1.1'!F37 -> 4425 | G7: =+ROUND(E7*F7,0) -> 29028000
B8: ACTIVIDAD 1.1.2 | C8: Intervenir tramo de cauce para su recuperación | D8: Km | E8: 6.56 | F8: =+'Actividad 1.1.2'!F4 -> 1.2150622e+09 | G8: =SUM(G9:G14) -> 7970808302 | H8: =+G8/1.269 -> 6.2811728e+09
B9: APU 1.1.2.1 | C9: Optimización de la sección hidráulica del cauce en tierra. Incluye excavación en material común y rectificación de taludes. | D9: m3 | E9: 201494 | F9: =+'APU 1.1.2.1'!F36 -> 23996 | G9: =+ROUND(E9*F9,0) -> 4835050024
B10: APU 1.1.2.2 | C10: Conformación de bordas hidrológicas y dentellones a máquina con material seleccionado de la excavación (especificamente material arcilloso e impermeable debidamente compactado con pata cabra al 95% del proctor modificado) | D10: m3 | E10: 45910 | F10: =+'APU 1.1.2.2'!F38 -> 40820 | G10: =+ROUND(E10*F10,0) -> 1874046200
B11: APU 1.1.2.3 | C11: Retiro de material proveniente de la excavación. Distancia mayor de 1.000 metros. | D11: m3 | E11: 194480 | F11: =+'APU 1.1.2.3'!F35 -> 4869 | G11: =+ROUND(E11*F11,0) -> 946923120
B12: APU 1.1.2.4 | C12: Revestimiento tipo RIP-RAP para protección de las bordas hidrológicas. Incluye materiales, equipo y mano de obra. | D12: m3 | E12: 1010 | F12: =+'APU 1.1.2.4'!F36 -> 180142 | G12: =+ROUND(E12*F12,0) -> 181943420
B13: APU 1.1.2.5 | C13: Instalación de Geotextil NT - 2000 o similar para evitar perdida de finos que constituyen el material de conformación de las bordas hidrologicas. Incluye materiales, equipo y mano de obra | D13: m2 | E13: 2705 | F13: =+'APU 1.1.2.5'!F33 -> 31125 | G13: =+ROUND(E13*F13,0) -> 84193125
B14: APU 1.1.2.6 | C14: Instalación de filtro. Incluye materiales, equipo y mano de obra | D14: m3 | E14: 257 | F14: =+'APU 1.1.2.6'!F34 -> 189309 | G14: =+ROUND(E14*F14,0) -> 48652413
B15: ACTIVIDAD 1.1.3 | C15: Realizar establecimiento de bosque de galerías | D15: Ha | E15: 5.844 | F15: =+'Actividad 1.1.3'!F4 -> 26341331 | G15: =SUM(G16:G18) -> 153938737
B16: APU 1.1.3.1 | C16: Establecimiento de árboles nativos para la conformación del bosque de galerías | D16: Und | E16: 6478 | F16: =+'APU 1.1.3.1'!$H$38 -> 8868 | G16: =+ROUND(E16*F16,0) -> 57446904
B17: APU 1.1.3.2 | C17: Aislamiento del arreglo Forestal | D17: km | E17: 5.844 | F17: =+'APU 1.1.3.2'!G38 -> 13964650 | G17: =+ROUND(E17*F17,0) -> 81609415
B18: APU 1.1.3.3 | C18: Mantenimiento del arreglo forestal | D18: Ha | E18: 5.844 | F18: =+'APU 1.1.3.3'!G38 -> 2546615 | G18: =+ROUND(E18*F18,0) -> 14882418
B19: ACTIVIDAD 2.1.1 | C19: Realizar talleres de sensibilización en el manejo de residuos solidos | D19: Numero (N) | E19: 10 | F19: =+'Actividad 2.1.1'!F4 -> 2633250 | G19: =SUM(G20) -> 26332500
B20: APU 2.1.1.1 | C20: Talleres de sensibilización en el manejo de residuos solidos | D20: Taller | E20: 10 | F20: =+'APU 2.1.1.1'!F32 -> 2633250 | G20: =+ROUND(E20*F20,0) -> 26332500
B21: ACTIVIDAD 2.1.2 | C21: Realizar talleres de sensibilización en el cuidado de las obras | D21: Numero (N) | E21: 2 | F21: =+'Actividad 2.1.2'!F4 -> 2633250 | G21: =SUM(G22) -> 5266500
B22: APU 2.1.2.1 | C22: Talleres de sensibilización en el cuidado de las obras | D22: Taller | E22: 2 | F22: =+'APU 2.1.2.1'!F32 -> 2633250 | G22: =+ROUND(E22*F22,0) -> 5266500
B23: COSTO TOTAL OBRAS (INCLUYE AUI e IVA SOBRE U) | G23: =+G6+G8+G15+G19+G21 -> 8185374039
B24: ALBEIRO ARRIETA LOPEZ Subdirector de Gestion Ambiental CVS

Sheet AIU
B2: DESGLOSE AIU
B3: COSTO DIRECTO DE OBRAS | E3: =+Obra!#REF!-0.37 -> #REF!
B4: DESCRIPCION | D4: % CON RELACION A LOS COSTOS DIRECTOS A LOS CUALES SE LES APLICA AUI | E4: $ CON RELACION A LOS COSTOS DIRECTOS A LOS CUALES SE LES APLICA AUI
B5: ADMINISTRACION
B6: OPERATIVOS
B7: Gastos de bodegaje de maquinaria y materiales | D7: 0.01 | E7: 64254436
B8: Transporte de personal | D8: 0.02 | E8: 128508873
B9: Arriendo oficina y servicios públicos | D9: 0.006 | E9: 38552662
B10: Equipos e implementos de oficina. | D10: 0.002 | E10: 12850887
B11: Componente de Seguridad y Salud en el Trabajo SST, Plan de Manejo Ambiental - PMA y /o Plan de Gestión Integral de Obra PGIO, Plan de Manejo de Tránsito PMT, y los demás planes que apliquen | D11: 0.01 | E11: 64254436
B12: Vallas informativas y otros gastos operacionales | D12: 0.003 | E12: 19276331
B13: Comisión topográfica durante la ejecución para dos frentes de trabajo | D13: 0.02 | E13: 128508872
B14: Elaboración de planos incluyendo levantamiento topográfico final para planos records | D14: 0.002 | E14: 12850887
B15: Ensayos de laboratorio del material para las bordas | D15: 0.004 | E15: 25701774
B16: Campamento de la obra | D16: 0.001 | E16: 6425443
B17: Gastos de compensaciones forestal | D17: 0.002 | E17: 12850887
B18: SUBTOTAL OPERATIVOS | D18: =SUM(D7:D17) -> 0.08 | E18: =SUM(E7:E17) -> 514035488
B19: LABORALES
B20: Dirección del Proyecto, residentes de obra, otros profesionales y personal de campo, profesionales y personal para gestión social. Incluye viaticos y prestaciones | D20: 0.06 | E20: 385526618
B21: SUBTOTAL LABORALES | D21: =SUM(D20:D20) -> 0.06 | E21: =+E20 -> 385526618
B22: TOTAL ADMINISTRACION | D22: =+D18+D21 -> 0.14 | E22: =+E21+E18 -> 899562106
B24: IMPREVISTOS
B25: Gastos de Imprevistos administrativos y técnicos durante la ejecución del contrato | D25: 0.01 | E25: 64254436
B26: TOTAL IMPREVISTOS | D26: =SUM(D25:D25) -> 0.01 | E26: =+E25 -> 64254436
B28: UTILIDAD
B29: Se estima en 10% de los costos directos | D29: 0.1 | E29: 642544363
B30: TOTAL UTILIDAD | D30: =SUM(D29:D29) -> 0.1 | E30: =+E29 -> 642544363
B32: TOTAL AUI | D32: =+D22+D26+D30 -> 0.25 | E32: =+E30+E26+E22 -> 1606360905
B34: IVA SOBRE UTILIDAD
B35: Se fija por Ley en 19% de la utilidad (Aplica para CAR) | D35: =19%*D30 -> 0.019 | E35: 122083429
B36: TOTAL IVA SOBRE UTILIDAD | D36: =+D35 -> 0.019 | E36: =+E35 -> 122083429
B38: TOTAL AUI + TOTAL IVA SOBRE UTILIDAD | D38: =+ROUND(D32+D36,4) -> 0.269 | E38: =+E36+E32 -> 1728444334
B40: NOTA: La entidad CVS ha estimado el valor de la Administración (A) en 14%, Imprevistos (I) en el 1% y Utilidad (U) en 10%; No obstante, cada empresa u oferente, de acuerdo con su infraestructura, experiencia, las condiciones del mercado, la naturaleza del contrato a celebrar, entre otros factores, puede establecer su estructura de costos conforme a la cual se compromete a ejecutar cabalmente un contrato en el caso de que le sea adjudicado.

Sheet personal de la A
B2: PERSONAL CONSIDERADO EN LA ADMINISTRACION
B4: No. | C4: FUNCIÓN | D4: CANTIDAD DE PROFESIONALES Y/O TECNICOS | E4: COSTO Y/O SUELDO Y/O HONORARIO POR MES | F4: UNIDAD | G4: Dedicacion / Rendimiento (Respecto a los meses) | H4: COSTO Y/O HONORARIO NETO POR MESES (CON DEDICACION) | I4: Auxilio de transporte | J4: Cesantias | K4: Intereses | L4: Prima | M4: Vacaciones | N4: Salud | O4: Pension | P4: Arl | Q4: Comfacor | R4: Sena | S4: ICBF | T4: No. de Meses | U4: SUBTOTAL COSTOS PERSONAL DEL PROYECTO (Incluye PRESTACIONES en caso de aplicar) | V4: TOTAL LIQUIDACION (Si Aplica) | W4: SUBTOTAL COSTOS PERSONAL DEL PROYECTO POR PROFESIONAL O TECNICO (incluye PRESTACIONES y la LIQUIDACION en caso de aplicar) | X4: TOTAL COSTOS TODO EL PERSONAL DEL PROYECTO (incluye PRESTACIONES y la LIQUIDACION en caso de aplicar)
B5: 1 | C5: DIRECTOR DEL PROYECTO | D5: 1 | E5: 6500000 | F5: Mes | G5: 0.85 | H5: =ROUND(E5*G5,0) -> 5525000 | I5: =+IF(E5=0,0,IF(E5<=1000000*2,162000,0)) -> 0 | J5: =+H5+I5 -> 5525000 | K5: =+ROUND(J5*12%,0) -> 663000 | L5: =H5+I5 -> 5525000 | M5: =H5/2 -> 2762500 | N5: =H5*8.5% -> 469625 | O5: =H5*12% -> 663000 | P5: =+H5*1.044% -> 57681 | Q5: =+IF(H5=0,0,IF(H5<1000000,1000000*4%,H5*4%)) -> 221000 | R5: =+IF(H5=0,0,IF(H5<1000000,1000000*2%,H5*2%)) -> 110500 | S5: =+IF(H5=0,0,IF(H5<1000000,1000000*3%,H5*3%)) -> 165750 | T5: 4.5 | U5: =ROUND((H5+I5+N5+O5+P5+Q5+R5+S5)*T5,0) -> 32456502 | V5: =J5+K5+L5+M5 -> 14475500 | W5: =(U5+V5) -> 46932002 | X5: =ROUND(D5*W5,0) -> 46932002
B6: 2 | C6: ESPECIALISTA HIDRAULICO | D6: 1 | E6: 5700000 | F6: Mes | G6: 1 | H6: =ROUND(E6*G6,0) -> 5700000 | I6: =+IF(E6=0,0,IF(E6<=1000000*2,162000,0)) -> 0 | J6: =+H6+I6 -> 5700000 | K6: =+ROUND(J6*12%,0) -> 684000 | L6: =H6+I6 -> 5700000 | M6: =H6/2 -> 2850000 | N6: =H6*8.5% -> 484500 | O6: =H6*12% -> 684000 | P6: =+H6*1.044% -> 59508 | Q6: =+IF(H6=0,0,IF(H6<1000000,1000000*4%,H6*4%)) -> 228000 | R6: =+IF(H6=0,0,IF(H6<1000000,1000000*2%,H6*2%)) -> 114000 | S6: =+IF(H6=0,0,IF(H6<1000000,1000000*3%,H6*3%)) -> 171000 | T6: =+T5 -> 4.5 | U6: =ROUND((H6+I6+N6+O6+P6+Q6+R6+S6)*T6,0) -> 33484536 | V6: =J6+K6+L6+M6 -> 14934000 | W6: =U6+V6 -> 48418536 | X6: =ROUND(D6*W6,0) -> 48418536
B7: 3 | C7: ESPECIALISTA AMBIENTAL O ECOSISTEMICO | D7: 1 | E7: 5700000 | F7: Mes | G7: 1 | H7: =ROUND(E7*G7,0) -> 5700000 | I7: =+IF(E7=0,0,IF(E7<=1000000*2,162000,0)) -> 0 | J7: =+H7+I7 -> 5700000 | K7: =+ROUND(J7*12%,0) -> 684000 | L7: =H7+I7 -> 5700000 | M7: =H7/2 -> 2850000 | N7: =H7*8.5% -> 484500 | O7: =H7*12% -> 684000 | P7: =+H7*1.044% -> 59508 | Q7: =+IF(H7=0,0,IF(H7<1000000,1000000*4%,H7*4%)) -> 228000 | R7: =+IF(H7=0,0,IF(H7<1000000,1000000*2%,H7*2%)) -> 114000 | S7: =+IF(H7=0,0,IF(H7<1000000,1000000*3%,H7*3%)) -> 171000 | T7: =+T6 -> 4.5 | U7: =ROUND((H7+I7+N7+O7+P7+Q7+R7+S7)*T7,0) -> 33484536 | V7: =J7+K7+L7+M7 -> 14934000 | W7: =U7+V7 -> 48418536 | X7: =ROUND(D7*W7,0) -> 48418536
B8: 4 | C8: CONTADOR | D8: 1 | E8: 3600000 | F8: Mes | G8: 1 | H8: =ROUND(E8*G8,0) -> 3600000 | I8: =+IF(E8=0,0,IF(E8<=1000000*2,162000,0)) -> 0 | J8: =+H8+I8 -> 3600000 | K8: =+ROUND(J8*12%,0) -> 432000 | L8: =H8+I8 -> 3600000 | M8: =H8/2 -> 1800000 | N8: =H8*8.5% -> 306000 | O8: =H8*12% -> 432000 | P8: =+H8*1.044% -> 37584 | Q8: =+IF(H8=0,0,IF(H8<1000000,1000000*4%,H8*4%)) -> 144000 | R8: =+IF(H8=0,0,IF(H8<1000000,1000000*2%,H8*2%)) -> 72000 | S8: =+IF(H8=0,0,IF(H8<1000000,1000000*3%,H8*3%)) -> 108000 | T8: =+T7 -> 4.5 | U8: =ROUND((H8+I8+N8+O8+P8+Q8+R8+S8)*T8,0) -> 21148128 | V8: =J8+K8+L8+M8 -> 9432000 | W8: =U8+V8 -> 30580128 | X8: =ROUND(D8*W8,0) -> 30580128
B9: 5 | C9: PROFESIONAL SOCIAL DEL PROYECTO | D9: 1 | E9: 3600000 | F9: Mes | G9: 1 | H9: =ROUND(E9*G9,0) -> 3600000 | I9: =+IF(E9=0,0,IF(E9<=1000000*2,162000,0)) -> 0 | J9: =+H9+I9 -> 3600000 | K9: =+ROUND(J9*12%,0) -> 432000 | L9: =H9+I9 -> 3600000 | M9: =H9/2 -> 1800000 | N9: =H9*8.5% -> 306000 | O9: =H9*12% -> 432000 | P9: =+H9*1.044% -> 37584 | Q9: =+IF(H9=0,0,IF(H9<1000000,1000000*4%,H9*4%)) -> 144000 | R9: =+IF(H9=0,0,IF(H9<1000000,1000000*2%,H9*2%)) -> 72000 | S9: =+IF(H9=0,0,IF(H9<1000000,1000000*3%,H9*3%)) -> 108000 | T9: =+T8 -> 4.5 | U9: =ROUND((H9+I9+N9+O9+P9+Q9+R9+S9)*T9,0) -> 21148128 | V9: =J9+K9+L9+M9 -> 9432000 | W9: =U9+V9 -> 30580128 | X9: =ROUND(D9*W9,0) -> 30580128
B10: 6 | C10: PROFESIONAL PGIO - PROFESIONAL PARA EL ASEGURAMIENTO DE LA SALUD Y LA SEGURIDAD EN EL TRABAJO | D10: 1 | E10: 3600000 | F10: Mes | G10: 1 | H10: =ROUND(E10*G10,0) -> 3600000 | I10: =+IF(E10=0,0,IF(E10<=1000000*2,162000,0)) -> 0 | J10: =+H10+I10 -> 3600000 | K10: =+ROUND(J10*12%,0) -> 432000 | L10: =H10+I10 -> 3600000 | M10: =H10/2 -> 1800000 | N10: =H10*8.5% -> 306000 | O10: =H10*12% -> 432000 | P10: =+H10*1.044% -> 37584 | Q10: =+IF(H10=0,0,IF(H10<1000000,1000000*4%,H10*4%)) -> 144000 | R10: =+IF(H10=0,0,IF(H10<1000000,1000000*2%,H10*2%)) -> 72000 | S10: =+IF(H10=0,0,IF(H10<1000000,1000000*3%,H10*3%)) -> 108000 | T10: =+T9 -> 4.5 | U10: =ROUND((H10+I10+N10+O10+P10+Q10+R10+S10)*T10,0) -> 21148128 | V10: =J10+K10+L10+M10 -> 9432000 | W10: =U10+V10 -> 30580128 | X10: =ROUND(D10*W10,0) -> 30580128
B11: 7 | C11: RESIDENTE DE OBRA DEL PROYECTO | D11: 2 | E11: 3600000 | F11: Mes | G11: 1 | H11: =ROUND(E11*G11,0) -> 3600000 | I11: =+IF(E11=0,0,IF(E11<=1000000*2,162000,0)) -> 0 | J11: =+H11+I11 -> 3600000 | K11: =+ROUND(J11*12%,0) -> 432000 | L11: =H11+I11 -> 3600000 | M11: =H11/2 -> 1800000 | N11: =H11*8.5% -> 306000 | O11: =H11*12% -> 432000 | P11: =+H11*1.044% -> 37584 | Q11: =+IF(H11=0,0,IF(H11<1000000,1000000*4%,H11*4%)) -> 144000 | R11: =+IF(H11=0,0,IF(H11<1000000,1000000*2%,H11*2%)) -> 72000 | S11: =+IF(H11=0,0,IF(H11<1000000,1000000*3%,H11*3%)) -> 108000 | T11: =+T10 -> 4.5 | U11: =ROUND((H11+I11+N11+O11+P11+Q11+R11+S11)*T11,0) -> 21148128 | V11: =J11+K11+L11+M11 -> 9432000 | W11: =U11+V11 -> 30580128 | X11: =ROUND(D11*W11,0) -> 61160256
B12: 8 | C12: ABOGADO | D12: 1 | E12: 3118604 | F12: Mes | G12: 1 | H12: =ROUND(E12*G12,0) -> 3118604 | I12: =+IF(E12=0,0,IF(E12<=1423500*2,200000,0)) -> 0 | J12: =+H12+I12 -> 3118604 | K12: =+ROUND(J12*12%,0) -> 374232 | L12: =H12+I12 -> 3118604 | M12: =H12/2 -> 1559302 | N12: =H12*8.5% -> 265081.34 | O12: =H12*12% -> 374232.48 | P12: =+H12*1.044% -> 32558.226 | Q12: =+IF(H12=0,0,IF(H12<1000000,1000000*4%,H12*4%)) -> 124744.16 | R12: =+IF(H12=0,0,IF(H12<1000000,1000000*2%,H12*2%)) -> 62372.08 | S12: =+IF(H12=0,0,IF(H12<1000000,1000000*3%,H12*3%)) -> 93558.12 | T12: =+T11 -> 4.5 | U12: =ROUND((H12+I12+N12+O12+P12+Q12+R12+S12)*T12,0) -> 18320177 | V12: =J12+K12+L12+M12 -> 8170742 | W12: =U12+V12 -> 26490919 | X12: =ROUND(D12*W12,0) -> 26490919
V13: SUBTOTAL | X13: =SUM(X5:X12) -> 323160633
V14: PRESUPUESTADO PARA VIATICOS | X14: =+X15-X13 -> 62365985
V15: TOTAL GASTOS PERSONAL | X15: =+AIU!E20 -> 385526618

Sheet Actividad 1.1.1
B2: VALOR ACTIVIDAD
B3: ACTIVIDAD | C3: NOMBRE DE LA ACTIVIDAD | D3: UNIDAD DE LA ACTIVIDAD | E3: CANTIDAD DE LA ACTIVIDAD | F3: VALOR UNITARIO ACTIVIDAD | G3: VALOR TOTAL ACTIVIDAD
B4: 1.1.1 | C4: Realizar actividades preliminares | D4: Número (N) | E4: 1 | F4: =+G9 -> 29028000 | G4: =+E4*F4 -> 29028000
B6: VALOR DE LOS ITEMS QUE CONFORMAN LA ACTIVIDAD
B7: Item | C7: Nombre del Item | D7: Unidad del item | E7: Cantidad Item | F7: Vr Unitario Item | G7: Valor Total Item
B8: 1.1.1.1 | C8: Localización, trazado y replanteo | D8: Metro (m) | E8: 6560 | F8: =+'APU 1.1.1.1'!F37 -> 4425 | G8: =+ROUND(F8*E8,0) -> 29028000
B9: TOTAL ITEMS | G9: =SUM(G8:G8) -> 29028000

Sheet APU 1.1.1.1
A1: ANALISIS DE PRECIOS UNITARIOS
A3: ITEM | B3: DESCRIPCION | F3: UNIDAD
A4: 1.1.1.1 | B4: Localización, trazado y replanteo | F4: m
A6: MATERIALES
A7: DESCRIPCION | B7: UNIDAD | C7: CANTIDAD | D7: DESPERDICIO | E7: VALOR UNITARIO | F7: TOTAL
A8: Puntilla | B8: Kg | C8: 0.0005 | E8: =+materiales!L3 -> 10093 | F8: =+ROUND(C8*E8,0) -> 5
A9: Nylon | B9: metro | C9: 1 | E9: =+materiales!L4 -> 57 | F9: =+ROUND(C9*E9,0) -> 57
A10: SUB-TOTAL MATERIALES | F10: =+SUM(F8:F9) -> 62
A12: EQUIPOS
A13: DESCRIPCION | B13: UNIDAD | C13: RENDIMIENTO | D13: DESPERDICIO | E13: VALOR UNITARIO | F13: TOTAL
A14: Herramientas menores (5% de la MO) | B14: % | C14: 0.05 | E14: =+F24 -> 2881 | F14: =+ROUND(C14*E14,0) -> 144
A15: Equipo de topografia | B15: Dia | C15: 186 | E15: =+'talleres-equipos-personal'!K25 -> 74444 | F15: =+ROUND(E15/C15,0) -> 400
A16: SUB-TOTAL EQUIPOS | F16: =+SUM(F14:F15) -> 544
A18: MANO DE OBRA
A19: DESCRIPCION | B19: CANTIDAD | C19: RENDIMIENTO | D19: PRESTACIONES | E19: VALOR UNITARIO | F19: TOTAL
A20: TOPOGRAFO | B20: 1 | C20: =+C15 -> 186 | D20: =+'talleres-equipos-personal'!G30 -> 0.8 | E20: =+'talleres-equipos-personal'!E34 -> 116727 | F20: =+ROUND((E20+(E20*D20))/C20,0) -> 1130
A21: CADENERO 1 | B21: 1 | C21: =+C20 -> 186 | D21: =+'talleres-equipos-personal'!G31 -> 0.8 | E21: =+'talleres-equipos-personal'!E31 -> 61282 | F21: =+ROUND((E21+(E21*D21))/C21,0) -> 593
A22: CADENERO 2 | B22: 1 | C22: =+C21 -> 186 | D22: =+'talleres-equipos-personal'!G32 -> 0.8 | E22: =+'talleres-equipos-personal'!E32 -> 61282 | F22: =+ROUND((E22+(E22*D22))/C22,0) -> 593
A23: AYUDANTE | B23: 1 | C23: =+C22 -> 186 | D23: =+'talleres-equipos-personal'!G33 -> 0.8 | E23: =+'talleres-equipos-personal'!E30 -> 58364 | F23: =+ROUND((E23+(E23*D23))/C23,0) -> 565
A24: SUB-TOTAL MANO DE OBRA | F24: =+SUM(F20:F23) -> 2881
A26: TRANSPORTE
A27: DESCRIPCION | B27: CANT | C27: DISTANCIA | D27: M3-KM | E27: VALOR UNITARIO | F27: TOTAL
A29: SUB-TOTAL TRANSPORTE | F29: =+F28 -> 0
A31: TOTAL COSTO DIRECTO | F31: =+ROUND(F29+F24+F16+F10,0) -> 3487
D33: A | E33: 0.14 | F33: =+ROUND(E33*F31,0) -> 488
D34: I | E34: 0.01 | F34: =+ROUND(E34*F31,0) -> 35
D35: U | E35: 0.1 | F35: =+ROUND(E35*F31,0) -> 349
D36: IVA Sobre U | E36: 19% de U | F36: =ROUND(0.19*F35,0) -> 66
D37: TOTAL APU | F37: =ROUND(SUM(F31:F36),4) -> 4425

Sheet Actividad 1.1.2
B2: VALOR ACTIVIDAD
B3: ACTIVIDAD | C3: NOMBRE DE LA ACTIVIDAD | D3: UNIDAD DE LA ACTIVIDAD | E3: CANTIDAD DE LA ACTIVIDAD | F3: VR. UNITARIO DE LA ACTIVIDAD | G3: VR. TOTAL DE LA ACTIVIDAD
B4: ACTIVIDAD 1.1.2 | C4: Intervenir tramo de cauce para su recuperación | D4: Km | E4: 6.56 | F4: =+G4/E4+0.1768 -> 1.2150622e+09 | G4: =SUM(G8:G13) -> 7970808302
B6: VALOR DE LOS ITEMS QUE CONFORMAN LA ACTIVIDAD
B7: ITEMS | C7: NOMBRE DE LOS ITEMS | D7: UNIDAD DE LOS ITEMS | E7: CANTIDAD DE LOS ITEM | F7: VR. UNITARIO DE LOS ITEMS | G7: VR. TOTAL DE LOS ITEMS
B8: APU 1.1.2.1 | C8: Optimización de la sección hidráulica del cauce en tierra. Incluye excavación en material común y rectificación de taludes. | D8: m3 | E8: 201494 | F8: =+'APU 1.1.2.1'!F36 -> 23996 | G8: =+ROUND(E8*F8,0) -> 4835050024
B9: APU 1.1.2.2 | C9: Conformación de bordas hidrológicas y dentellones a máquina con material seleccionado de la excavación (especificamente material arcilloso e impermeable debidamente compactado con pata cabra al 95% del proctor modificado) | D9: m3 | E9: 45910 | F9: =+'APU 1.1.2.2'!F38 -> 40820 | G9: =+ROUND(E9*F9,0) -> 1874046200
B10: APU 1.1.2.3 | C10: Retiro de material proveniente de la excavación. Distancia mayor de 1.000 metros. | D10: m3 | E10: 194480 | F10: =+'APU 1.1.2.3'!F35 -> 4869 | G10: =+ROUND(E10*F10,0) -> 946923120
B11: APU 1.1.2.4 | C11: Revestimiento tipo RIP-RAP para protección de las bordas hidrológicas. Incluye materiales, equipo y mano de obra. | D11: m3 | E11: 1010 | F11: =+'APU 1.1.2.4'!F36 -> 180142 | G11: =+ROUND(E11*F11,0) -> 181943420
B12: APU 1.1.2.5 | C12: Instalación de Geotextil NT - 2000 o similar para evitar perdida de finos que constituyen el material de conformación de las bordas hidrologicas. Incluye materiales, equipo y mano de obra | D12: m2 | E12: 2705 | F12: =+'APU 1.1.2.5'!F33 -> 31125 | G12: =+ROUND(E12*F12,0) -> 84193125
B13: APU 1.1.2.6 | C13: Instalación de filtro. Incluye materiales, equipo y mano de obra | D13: m3 | E13: 257 | F13: =+'APU 1.1.2.6'!F34 -> 189309 | G13: =+ROUND(E13*F13,0) -> 48652413
B14: TOTAL ITEMS | G14: =SUM(G8:G13) -> 7970808302

Sheet APU 1.1.2.1
A1: ANALISIS DE PRECIOS UNITARIOS
A3: ITEM | B3: DESCRIPCION | F3: UNIDAD
A4: 1.1.2.1 | B4: Optimización de la sección hidráulica del cauce en tierra. Incluye excavación en material común y rectificación de taludes. | F4: m3
A6: MATERIALES
A7: DESCRIPCION | B7: UNIDAD | C7: CANTIDAD | D7: DESPERDICIO | E7: VALOR UNITARIO | F7: TOTAL
A9: SUB-TOTAL MATERIALES | F9: =+SUM(F8) -> 0
A11: EQUIPOS
A12: DESCRIPCION | B12: UNIDAD | C12: RENDIMIENTO | D12: DESPERDICIO | E12: VALOR UNITARIO | F12: TOTAL
A13: Herramientas menores (5% de la MO) | B13: % | C13: 0.05 | E13: =+F23 -> 9726 | F13: =+ROUND(C13*E13,0) -> 486
A14: Retroexcavadora sobre oruga | B14: Hora | C14: 48 | E14: =+'talleres-equipos-personal'!K16 -> 197500 | F14: =+ROUND(E14/C14,0) -> 4115
A15: Bulldozer | B15: Hora | C15: =+C14 -> 48 | E15: =+'talleres-equipos-personal'!K15 -> 220000 | F15: =+ROUND(E15/C15,0) -> 4583
A16: SUB-TOTAL EQUIPOS | F16: =+SUM(F13:F15) -> 9184
A18: MANO DE OBRA
A19: DESCRIPCION | B19: CANTIDAD | C19: RENDIMIENTO | D19: PRESTACIONES | E19: VALOR UNITARIO | F19: TOTAL
A20: AYUDANTE | B20: 1 | C20: 66.31 | D20: =+'talleres-equipos-personal'!G30 -> 0.8 | E20: =+'talleres-equipos-personal'!E30 -> 58364 | F20: =+ROUND((E20+(E20*D20))/C20,0) -> 1584
A21: OPERADOR RETROEXCAVADORA | B21: 1 | C21: =+C14 -> 48 | D21: 0.8 | E21: ='talleres-equipos-personal'!E35 -> 108556 | F21: =+ROUND((E21+(E21*D21))/C21,0) -> 4071
A22: OPERADOR BULLDOZER | B22: 1 | C22: =+C21 -> 48 | D22: 0.8 | E22: =+'talleres-equipos-personal'!E35 -> 108556 | F22: =+ROUND((E22+(E22*D22))/C22,0) -> 4071
A23: SUB-TOTAL MANO DE OBRA | F23: =+SUM(F20:F22) -> 9726
A25: TRANSPORTE
A26: DESCRIPCION | B26: CANT | C26: DISTANCIA | D26: M3-KM | E26: VALOR UNITARIO | F26: TOTAL
A28: SUB-TOTAL TRANSPORTE | F28: =+SUM(F27:F27) -> 0
A30: TOTAL COSTO DIRECTO | F30: =+ROUND(F28+F23+F16+F9,0) -> 18910
D32: A | E32: 0.14 | F32: =+ROUND(E32*F30,0) -> 2647
D33: I | E33: 0.01 | F33: =+ROUND(E33*F30,0) -> 189
D34: U | E34: 0.1 | F34: =+ROUND(E34*F30,0) -> 1891
D35: IVA Sobre U | E35: 19% de U | F35: =ROUND(0.19*F34,0) -> 359
D36: TOTAL APU | F36: =ROUND(SUM(F30:F35),4) -> 23996

Sheet APU 1.1.2.2
A1: ANALISIS DE PRECIOS UNITARIOS
A3: ITEM | B3: DESCRIPCION | F3: UNIDAD
A4: 1.1.2.2 | B4: Conformación de bordas hidrológicas y dentellones a máquina con material seleccionado de la excavación (especificamente material arcilloso e impermeable debidamente compactado con pata cabra al 95% del proctor modificado) | F4: m3
A6: MATERIALES
A7: DESCRIPCION | B7: UNIDAD | C7: CANTIDAD | D7: DESPERDICIO | E7: VALOR UNITARIO | F7: TOTAL
A9: SUB-TOTAL MATERIALES | F9: =+SUM(F8:F8) -> 0
A11: EQUIPOS
A12: DESCRIPCION | B12: UNIDAD | C12: RENDIMIENTO | D12: DESPERDICIO | E12: VALOR UNITARIO | F12: TOTAL
A13: Herramientas menores (5% de la MO) | B13: % | C13: 0.05 | E13: =+F25 -> 17177 | F13: =+ROUND(C13*E13,0) -> 859
A14: Retroexcavadora sobre oruga | B14: Hora | C14: 38 | E14: =+'talleres-equipos-personal'!K16 -> 197500 | F14: =+ROUND(E14/C14,0) -> 5197
A15: Bulldozer | B15: Hora | C15: =+C14 -> 38 | E15: =+'talleres-equipos-personal'!K15 -> 220000 | F15: =+ROUND(E15/C15,0) -> 5789
A16: Vibrocompactador | B16: Hora | C16: =+C15 -> 38 | E16: =+'talleres-equipos-personal'!K20 -> 119500 | F16: =+ROUND(E16/C16,0) -> 3145
A17: SUB-TOTAL EQUIPOS | F17: =+SUM(F13:F16) -> 14990
A19: MANO DE OBRA
A20: DESCRIPCION | B20: CANTIDAD | C20: RENDIMIENTO | D20: PRESTACIONES | E20: VALOR UNITARIO | F20: TOTAL
A21: AYUDANTE | B21: 1 | C21: 60 | D21: =+'talleres-equipos-personal'!G30 -> 0.8 | E21: =+'talleres-equipos-personal'!E30 -> 58364 | F21: =+ROUND((E21+(E21*D21))/C21,0) -> 1751
A22: OPERADOR RETROEXCAVADORA | B22: 1 | C22: =+C16 -> 38 | D22: 0.8 | E22: =+'talleres-equipos-personal'!E35 -> 108556 | F22: =+ROUND((E22+(E22*D22))/C22,0) -> 5142
A23: OPERADOR BULLDOZER | B23: 1 | C23: =+C22 -> 38 | D23: 0.8 | E23: =+E22 -> 108556 | F23: =+ROUND((E23+(E23*D23))/C23,0) -> 5142
A24: OPERADOR VIBROCOMPACTADOR | B24: 1 | C24: =+C23 -> 38 | D24: 0.8 | E24: =+E23 -> 108556 | F24: =+ROUND((E24+(E24*D24))/C24,0) -> 5142
A25: SUB-TOTAL MANO DE OBRA | F25: =+SUM(F21:F24) -> 17177
A27: TRANSPORTE
A28: DESCRIPCION | B28: CANTIDAD | C28: DISTANCIA | D28: M3-KM | E28: VALOR UNITARIO | F28: TOTAL
A30: SUB-TRANSPORTE | F30: =+F29 -> 0
A32: TOTAL COSTO DIRECTO | F32: =+ROUND(F30+F25+F17+F9,0) -> 32167
D34: A | E34: 0.14 | F34: =+ROUND(E34*F32,0) -> 4503
D35: I | E35: 0.01 | F35: =+ROUND(E35*F32,0) -> 322
D36: U | E36: 0.1 | F36: =+ROUND(E36*F32,0) -> 3217
D37: IVA Sobre U | E37: 19% de U | F37: =ROUND(0.19*F36,0) -> 611
D38: TOTAL APU | F38: =ROUND(SUM(F32:F37),4) -> 40820

Sheet APU 1.1.2.3
A1: ANALISIS DE PRECIOS UNITARIOS
A3: ITEM | B3: DESCRIPCION | F3: UNIDAD
A4: 1.1.2.3 | B4: Retiro de material proveniente de la excavación y de préstamo lateral. Distancia mayor de 1.000 metros. | F4: m3
A6: MATERIALES
A7: DESCRIPCION | B7: UNIDAD | C7: CANTIDAD | D7: DESPERDICIO | E7: VALOR UNITARIO | F7: TOTAL
A9: SUB-TOTAL MATERIALES | F9: =+SUM(F8:F8) -> 0
A11: EQUIPOS
A12: DESCRIPCION | B12: UNIDAD | C12: RENDIMIENTO | D12: DESPERDICIO | E12: VALOR UNITARIO | F12: TOTAL
A13: Herramientas menores (5% de la MO) | B13: % | C13: 0.05 | E13: =+F22 -> 2073 | F13: =+ROUND(C13*E13,0) -> 104
A14: Volqueta | B14: Hora | C14: 145 | E14: =+'talleres-equipos-personal'!K18 -> 137088 | F14: =+ROUND(E14/C14,0) -> 945
A15: Minicargador | B15: Hora | C15: =+C14 -> 145 | E15: =+'talleres-equipos-personal'!K19 -> 103625 | F15: =+ROUND(E15/C15,0) -> 715
A16: SUB-TOTAL EQUIPOS | F16: =+SUM(F13:F15) -> 1764
A18: MANO DE OBRA
A19: DESCRIPCION | B19: CANTIDAD | C19: RENDIMIENTO | D19: PRESTACIONES | E19: VALOR UNITARIO | F19: TOTAL
A20: AYUDANTE | B20: 1 | C20: =+C15 -> 145 | D20: =+'talleres-equipos-personal'!G30 -> 0.8 | E20: =+'talleres-equipos-personal'!E30 -> 58364 | F20: =+ROUND((E20+(E20*D20))/C20,0) -> 725
A21: OPERADOR MINICARGADOR | B21: 1 | C21: =+C20 -> 145 | D21: 0.8 | E21: =+'talleres-equipos-personal'!E35 -> 108556 | F21: =+ROUND(B21*(E21+(E21*D21))/C21,0) -> 1348
A22: SUB-TOTAL MANO DE OBRA | F22: =+SUM(F20:F21) -> 2073
A24: TRANSPORTE
A25: DESCRIPCION | B25: CANT | C25: DISTANCIA | D25: M3-KM | E25: VALOR UNITARIO | F25: TOTAL
A27: SUB-TRANSPORTE | F27: =+F26 -> 0
A29: TOTAL COSTO DIRECTO | F29: =+ROUND(F27+F22+F16+F9,0) -> 3837
D31: A | E31: 0.14 | F31: =+ROUND(E31*F29,0) -> 537
D32: I | E32: 0.01 | F32: =+ROUND(E32*F29,0) -> 38
D33: U | E33: 0.1 | F33: =+ROUND(E33*F29,0) -> 384
D34: IVA Sobre U | E34: 19% de U | F34: =ROUND(0.19*F33,0) -> 73
D35: TOTAL APU | F35: =ROUND(SUM(F29:F34),4) -> 4869

Sheet APU 1.1.2.4
A1: ANALISIS DE PRECIOS UNITARIOS
A3: ITEM | B3: DESCRIPCION | F3: UNIDAD
A4: 1.1.2.4 | B4: =+'Actividad 1.1.2'!C11 -> Revestimiento tipo RIP-RAP para protección de las bordas hidrológicas. Incluye materiales, equipo y mano de obra. | F4: m3
A6: MATERIALES
A7: DESCRIPCION | B7: UNIDAD | C7: CANTIDAD | D7: DESPERDICIO | E7: VALOR UNITARIO | F7: TOTAL
A8: Piedra rajón | B8: m3 | C8: 1.4 | E8: =+materiales!L24 -> 52081 | F8: =+ROUND(C8*E8,0) -> 72913
A9: SUB-TOTAL MATERIALES | F9: =+SUM(F8:F8) -> 72913
A11: EQUIPOS
A12: DESCRIPCION | B12: UNIDAD | C12: RENDIMIENTO | D12: DESPERDICIO | E12: VALOR UNITARIO | F12: TOTAL
A13: Herramientas menores (5% de la MO) | B13: % | C13: 0.05 | E13: =+F23 -> 30349 | F13: =+ROUND(C13*E13,0) -> 1517
A14: Volqueta | B14: Hora | C14: 9 | E14: =+'talleres-equipos-personal'!K18 -> 137088 | F14: =+ROUND(E14/C14,0) -> 15232
A15: Retroexcavadora sobre oruga | B15: Hora | C15: 9 | E15: =+'talleres-equipos-personal'!K16 -> 197500 | F15: =+ROUND(E15/C15,0) -> 21944
A16: SUB-TOTAL EQUIPOS | F16: =+SUM(F13:F15) -> 38693
A18: MANO DE OBRA
A19: DESCRIPCION | B19: CANTIDAD | C19: RENDIMIENTO | D19: PRESTACIONES | E19: VALOR UNITARIO | F19: TOTAL
A20: AYUDANTE | B20: 1 | C20: =+C15 -> 9 | D20: 0.8 | E20: =+'talleres-equipos-personal'!E30*B20 -> 58364 | F20: =+ROUND(B20*(E20+(E20*D20))/C20,0) -> 11673
A21: OFICIAL | B21: 1 | C21: =+C20 -> 9 | D21: 0.8 | E21: =+'talleres-equipos-personal'!E33 -> 93382 | F21: =+ROUND(B21*(E21+(E21*D21))/C21,0) -> 18676
A22: OPERADOR RETROEXCAVADORA | B22: 1 | C22: =+C21 -> 9 | D22: 0.8 | E22: =+'talleres-equipos-personal'!E35 -> 108556 | F22: =+ROUND(B22*(E22+(E22*D22))/C22,0) -> 21711
A23: SUB-TOTAL MANO DE OBRA | F23: =+SUM(F20:F21) -> 30349
A25: TRANSPORTE
A26: DESCRIPCION | B26: CANTIDAD | C26: DISTANCIA | D26: M3-KM | E26: VALOR UNITARIO | F26: TOTAL
A28: SUB-TRANSPORTE | F28: =+F27 -> 0
A30: TOTAL COSTO DIRECTO | F30: =+ROUND(F28+F23+F16+F9,0) -> 141955
D32: A | E32: 0.14 | F32: =+ROUND(E32*F30,0) -> 19874
D33: I | E33: 0.01 | F33: =+ROUND(E33*F30,0) -> 1420
D34: U | E34: 0.1 | F34: =+ROUND(E34*F30,0) -> 14196
D35: IVA Sobre U | E35: 19% de U | F35: =ROUND(0.19*F34,0) -> 2697
D36: TOTAL APU | F36: =ROUND(SUM(F30:F35),4) -> 180142

Sheet APU 1.1.2.5
A1: ANALISIS DE PRECIOS UNITARIOS
A3: ITEM | B3: DESCRIPCIÓN | F3: UNIDAD
A4: 1.1.2.5 | B4: =+'Actividad 1.1.2'!C12 -> Instalación de Geotextil NT - 2000 o similar para evitar perdida de finos que constituyen el material de conformación de las bordas hidrologicas. Incluye materiales, equipo y mano de obra | F4: m2
A6: MATERIALES
A7: DESCRIPCIÓN | B7: UNIDAD | C7: CANTIDAD | D7: DESPERDICIO | E7: VALOR UNITARIO | F7: TOTAL
A8: Geotextil NT2000 o similar | B8: m2 | C8: 1 | E8: =+materiales!L25 -> 7656 | F8: =ROUND(E8*C8,0) -> 7656
A9: SUB-TOTAL MATERIALES | F9: =SUM(F8:F8) -> 7656
A11: EQUIPO
A12: DESCRIPCIÓN | B12: UNIDAD | C12: RENDIMIENTO | D12: DESPERDICIO | E12: VALOR UNITARIO | F12: TOTAL
A13: Herramientas menores (5% de la MO) | B13: % | C13: 0.05 | E13: =+F20 -> 16068 | F13: =+ROUND(E13*C13,0) -> 803
A14: SUB-TOTAL EQUIPOS | F14: =SUM(F13:F13) -> 803
A16: MANO DE OBRA
A17: TRABAJADOR | B17: CANTIDAD | C17: RENDIMIENTO | D17: PRESTACIONES | E17: JORNAL | F17: TOTAL
A18: Ayudante | B18: 1 | C18: 17 | D18: 0.8 | E18: =+'talleres-equipos-personal'!E30*B18 -> 58364 | F18: =+ROUND(B18*(E18+(E18*D18))/C18,0) -> 6180
A19: Oficial | B19: 1 | C19: =+C18 -> 17 | D19: 0.8 | E19: =+'talleres-equipos-personal'!E33 -> 93382 | F19: =+ROUND((E19+(E19*D19))/C19,0) -> 9888
A20: SUB-TOTAL MANO DE OBRA | F20: =SUM(F18:F19) -> 16068
A22: TRANSPORTES
A23: DESCRIPCION | B23: CANTIDAD | C23: DISTANCIA | D23: M3-KM | E23: VALOR UNITARIO | F23: TOTAL
A25: SUB-TRANSPORTE | F25: =SUM(F24:F24) -> 0
A27: TOTAL COSTO DIRECTO | F27: =F14+F9+F25+F20 -> 24527
D29: A | E29: 0.14 | F29: =+ROUND(E29*F27,0) -> 3434
D30: I | E30: 0.01 | F30: =+ROUND(E30*F27,0) -> 245
D31: U | E31: 0.1 | F31: =+ROUND(E31*F27,0) -> 2453
D32: IVA Sobre U | E32: 19% de U | F32: =ROUND(0.19*F31,0) -> 466
D33: TOTAL APU | F33: =ROUND(SUM(F27:F32),4) -> 31125

Sheet APU 1.1.2.6
A1: ANALISIS DE PRECIOS UNITARIOS
A3: ITEM | B3: DESCRIPCION | F3: UNIDAD
A4: 1.1.2.6 | B4: Instalación de filtro. Incluye materiales, equipo y mano de obra | F4: m3
A6: MATERIALES
A7: DESCRIPCION | B7: UNIDAD | C7: CANTIDAD | D7: DESPERDICIO | E7: VALOR UNITARIO | F7: TOTAL
A8: Material de filtro tamaño máximo 1" | B8: m3 | C8: 1.3 | E8: =+materiales!L26 -> 102212 | F8: =+C8*E8 -> 132875.6
A9: SUB-TOTAL MATERIALES | F9: =+SUM(F8:F8) -> 132875.6
A11: EQUIPOS
A12: DESCRIPCION | B12: UNIDAD | C12: RENDIMIENTO | D12: DESPERDICIO | E12: VALOR UNITARIO | F12: TOTAL
A13: Herramientas menores (5% de la MO) | B13: % | C13: 0.05 | E13: =+F21 -> 10506 | F13: =+ROUND(C13*E13,0) -> 525
A14: Volqueta | B14: viaje | C14: 26 | E14: =+'talleres-equipos-personal'!K18 -> 137088 | F14: =+ROUND(E14/C14,0) -> 5273
A15: SUB-TOTAL EQUIPOS | F15: =+SUM(F13:F14) -> 5798
A17: MANO DE OBRA
A18: DESCRIPCION | B18: CANTIDAD | C18: RENDIMIENTO | D18: PRESTACIONES | E18: VALOR UNITARIO | F18: TOTAL
A19: AYUDANTE | B19: 1 | C19: 26 | D19: =+'Prest hasta 2 SMMLV '!C24 -> 0.8 | E19: =+'talleres-equipos-personal'!E30*B19 -> 58364 | F19: =+ROUND((E19+(E19*D19))/C19,0) -> 4041
A20: OFICIAL | B20: 1 | C20: =+C19 -> 26 | D20: =+D19 -> 0.8 | E20: =+'talleres-equipos-personal'!E33 -> 93382 | F20: =+ROUND((E20+(E20*D20))/C20,0) -> 6465
A21: SUB-TOTAL MANO DE OBRA | F21: =+SUM(F19:F20) -> 10506
A23: TRANSPORTE
A24: DESCRIPCION | B24: CANTIDAD | C24: DISTANCIA | D24: M3-KM | E24: VALOR UNITARIO | F24: TOTAL
A26: SUB-TRANSPORTE | F26: =+F25 -> 0
A28: TOTAL COSTO DIRECTO | F28: =+ROUND(F26+F21+F15+F9,0) -> 149180
D30: A | E30: 0.14 | F30: =+ROUND(E30*F28,0) -> 20885
D31: I | E31: 0.01 | F31: =+ROUND(E31*F28,0) -> 1492
D32: U | E32: 0.1 | F32: =+ROUND(E32*F28,0) -> 14918
D33: IVA Sobre U | E33: 19% de U | F33: =ROUND(0.19*F32,0) -> 2834
D34: TOTAL APU | F34: =ROUND(SUM(F28:F33),4) -> 189309

Sheet Actividad 1.1.3
B2: VALOR ACTIVIDAD
B3: ACTIVIDAD | C3: NOMBRE DE LA ACTIVIDAD | D3: UNIDAD DE LA ACTIVIDAD | E3: CANTIDAD DE LA ACTIVIDAD | F3: VALOR UNITARIO ACTIVIDAD | G3: VALOR TOTAL ACTIVIDAD
B4: 1.1.3 | C4: Realizar establecimiento de bosque de galerías | D4: Ha | E4: 5.844 | F4: =+G11/E4+0.2334 -> 26341331 | G4: =ROUND(E4*F4,0) -> 153938738
B6: VALOR DE LOS ITEMS QUE CONFORMAN LA ACTIVIDAD
B7: Item | C7: Nombre del Item | D7: Unidad del item | E7: Cantidad Item | F7: Vr Unitario Item | G7: Valor Total Item
B8: 1.1.3.1 | C8: Establecimiento de árboles nativos para la conformación del bosque de galerías | D8: Und | E8: 6478 | F8: =+'APU 1.1.3.1'!H38 -> 8868 | G8: =+ROUND(F8*E8,0) -> 57446904
B9: 1.1.3.2 | C9: Aislamiento del arreglo Forestal | D9: km | E9: 5.844 | F9: =+'APU 1.1.3.2'!G38 -> 13964650 | G9: =+ROUND(F9*E9,0) -> 81609415
B10: 1.1.3.3 | C10: Mantenimiento del arreglo forestal | D10: Ha | E10: 5.844 | F10: =+'APU 1.1.3.3'!G38 -> 2546615 | G10: =+ROUND(F10*E10,0) -> 14882418
B11: TOTAL ITEMS | G11: =SUM(G8:G10) -> 153938737

Sheet APU 1.1.3.1
A1: ANALISIS DE PRECIOS UNITARIOS
A3: ITEM | B3: DESCRIPCION | H3: UNIDAD
A4: 1.1.3.1 | B4: Establecimiento de árboles nativos para la conformación del bosque de galerías | H4: Und
A6: MATERIALES
A7: DESCRIPCION | D7: UNDIDAD | E7: CANTIDAD | F7: RENDIMIENTO | G7: V. UNITARIO | H7: V. TOTAL
A8: Árboles nativos de viveros certificados con altura de 30 a 45 cm en bolsa 9 x 18 con fuelle | D8: Und | E8: 1 | F8: 1 | G8: =+materiales!L19 -> 1450 | H8: =+ROUND(E8*G8/F8,0) -> 1450
A9: Fertilizante edáfico triple 15 | D9: Kg | E9: 1 | F9: 20 | G9: =+materiales!L10 -> 2965 | H9: =+ROUND(E9*G9/F9,0) -> 148
A10: SUBTOTAL MATERIALES | H10: =+H8+H9 -> 1598
A12: EQUIPOS
A13: DESCRIPCION | D13: UNDIDAD | E13: CANTIDAD | F13: RENDIMIENTO | G13: V. UNITARIO | H13: V. TOTAL
A14: Herramienta menor (5% Mano de Obra) | D14: % | E14: 0.05 | G14: =+ROUND(H25*0.05,0) -> 249 | H14: =+G14 -> 249
A15: SUBTOTAL EQUIPO | H15: =+H14 -> 249
A17: MANO DE OBRA
A18: DESCRIPCION | D18: UNIDAD | E18: CANTIDAD | F18: RENDIMIENTO | G18: Vr. JORNAL+PREST. | H18: VR. TOTAL
A19: Preparación terreno | D19: Jornal | E19: 1 | F19: 50 | G19: =+'talleres-equipos-personal'!C42 -> 105054 | H19: =+ROUND(G19/F19,0) -> 2101
A20: Plateo | D20: =D19 -> Jornal | E20: =E19 -> 1 | F20: 200 | G20: =+G19 -> 105054 | H20: =+ROUND(G20/F20,0) -> 525
A21: Trazado plantación | D21: =D20 -> Jornal | E21: =E20 -> 1 | F21: 230 | G21: =+G19 -> 105054 | H21: =+ROUND(G21/F21,0) -> 457
A22: Ahoyado | D22: =D21 -> Jornal | E22: =E21 -> 1 | F22: 100 | G22: =+G19 -> 105054 | H22: =+ROUND(G22/F22,0) -> 1051
A23: Aplicación de fertilizantes | D23: =+D22 -> Jornal | E23: =E22 -> 1 | F23: 400 | G23: =+G19 -> 105054 | H23: =+ROUND(G23/F23,0) -> 263
A24: Plantación (siembra) | D24: =+D23 -> Jornal | E24: =+E23 -> 1 | F24: 180 | G24: =+G19 -> 105054 | H24: =+ROUND(G24/F24,0) -> 584
A25: SUBTOTAL MANO DE OBRA | H25: =SUM(H19:H24) -> 4981
A27: TRANSPORTE
A28: DESCRIPCION | D28: UNDIDAD | E28: CANTIDAD | F28: RENDIMIENTO | G28: V. UNITARIO | H28: V. TOTAL
A29: Transporte de insumos (10% materiales) | D29: % | E29: 10 | G29: =ROUND(0.1*H10,0) -> 160 | H29: =+G29 -> 160
A30: SUBTOTAL TRANSPORTE | H30: =SUM(H29:H29) -> 160
A32: TOTAL COSTO DIRECTO | H32: =+H10+H15+H30+H25 -> 6988
F34: A | G34: 0.14 | H34: =+ROUND(G34*H32,0) -> 978
F35: I | G35: 0.01 | H35: =+ROUND(G35*H32,0) -> 70
F36: U | G36: 0.1 | H36: =+ROUND(G36*H32,0) -> 699
F37: IVA Sobre U | G37: 19% de U | H37: =ROUND(0.19*H36,0) -> 133
F38: TOTAL APU | H38: =ROUND(SUM(H32:H37),4) -> 8868

Sheet APU 1.1.3.2
A1: ANALISIS DE PRECIOS UNITARIOS
A3: ITEM | B3: DESCRIPCION | G3: UNIDAD
A4: 1.1.3.2 | B4: Aislamiento del arreglo Forestal | G4: Km
A6: MATERIALES
A7: Descripción | C7: Unidad | D7: Cantidad | E7: Rendimiento | F7: Valor-Unit. | G7: Vr. Total
A8: Postes - Dimensiones: Largo: 2 m - Diámetro: 10 cm | C8: Und | D8: 333 | E8: 1 | F8: =+materiales!L20 -> 16350 | G8: =+ROUND(F8*D8,0) -> 5444550
A9: Postes Pieamigo - Dimensiones: Largo: 2 m - Diámetro: 10 cm | C9: Und | D9: 33 | E9: 1 | F9: =+F8 -> 16350 | G9: =+ROUND(F9*D9,0) -> 539550
A10: Alambre de púas calibre 16.5 (rollo de 400 m) | C10: Rollo | D10: 9 | E10: 1 | F10: =+materiales!L8 -> 171190 | G10: =+ROUND(F10*D10,0) -> 1540710
A11: Grapas | C11: Kg | D11: 9 | E11: 1 | F11: =+materiales!L9 -> 11335 | G11: =+ROUND(F11*D11,0) -> 102015
A12: SUBTOTAL MATERIALES | G12: =SUM(G8:G11) -> 7626825
A14: EQUIPOS
A15: Descripción | C15: Unidad | D15: Cantidad | E15: Rendimiento | F15: Tarifa/Ha | G15: Vr. Total
A16: Herramienta menor (5% Mano de Obra) | C16: % | D16: 0.05 | F16: =+ROUND(G30*0.05,0) -> 124521 | G16: =+F16 -> 124521
A17: SUBTOTAL EQUIPO | G17: =SUM(G16:G16) -> 124521
A19: TRANSPORTE
A20: Material | C20: Unidad | D20: Cantidad | E20: Rendimiento | F20: Valor-Unit. | G20: Vr. Total
A21: Transporte de insumos (10% materiales) | C21: % | D21: 10 | F21: =ROUND(0.1*G12,0) -> 762683 | G21: =+ROUND(G12*0.1,0) -> 762683
A22: SUBTOTAL TRANSPORTE | G22: =SUM(G21:G21) -> 762683
A24: MANO DE OBRA
A25: Trabajador | C25: Unidad | D25: Prestaciones | E25: Rendimiento | F25: Jornal + prest. | G25: Vr. Total
A26: Ayudante (Trazado y limpia) | C26: Jornal | D26: 1.8 | E26: 0.22 | F26: =+'talleres-equipos-personal'!C42 -> 105054 | G26: =+ROUND(F26/E26,0) -> 477518
A27: Ayudante (Hoyado) | C27: =C26 -> Jornal | D27: =D26 -> 1.8 | E27: 0.11 | F27: =+F26 -> 105054 | G27: =+ROUND(F27/E27,0) -> 955036
A28: Ayudante (Hincado y apisonado) | C28: =C27 -> Jornal | D28: =D27 -> 1.8 | E28: =+E26 -> 0.22 | F28: =+F27 -> 105054 | G28: =+ROUND(F28/E28,0) -> 477518
A29: Ayudante (Templado y grapado) | C29: =C28 -> Jornal | D29: =D28 -> 1.8 | E29: 0.181018 | F29: =+F28 -> 105054 | G29: =+ROUND(F29/E29,0) -> 580351
A30: SUBTOTAL MANO DE OBRA | G30: =SUM(G26:G29) -> 2490423
A32: TOTAL COSTO DIRECTO | G32: =ROUND(G17+G12+G22+G30,0) -> 11004452
E34: A | F34: 0.14 | G34: =+ROUND(F34*G32,0) -> 1540623
E35: I | F35: 0.01 | G35: =+ROUND(F35*G32,0) -> 110045
E36: U | F36: 0.1 | G36: =+ROUND(F36*G32,0) -> 1100445
E37: IVA Sobre U | F37: 19% de U | G37: =ROUND(0.19*G36,0) -> 209085
E38: TOTAL APU | G38: =ROUND(SUM(G32:G37),4) -> 13964650

Sheet APU 1.1.3.3
A1: ANALISIS DE PRECIOS UNITARIOS
A3: ITEM | B3: DESCRIPCION | G3: UNIDAD
A4: 1.1.3.3 | B4: Mantenimiento del arreglo forestal | G4: Ha
A6: MATERIALES
A7: Descripción | C7: Unidad | D7: Cantidad | E7: Rendimiento | F7: Valor-Unit. | G7: Vr. Total
A8: Árboles nativos de viveros certificados con altura de 30 a 45 cm en bolsa 9 x 18 con fuelle | C8: Und | D8: =625*10% -> 62.5 | E8: 1 | F8: =+materiales!L19 -> 1450 | G8: =+ROUND(F8*D8,0) -> 90625
A9: Fertilizante edáfico triple 15 | C9: Kg | D9: =625*10% -> 62.5 | E9: 1 | F9: =+materiales!L10 -> 2965 | G9: =+ROUND(F9*D9,0) -> 185313
A10: Insecticida (Cipremetrina Agricola - Invetrina: 1 litro / ha) | C10: Kg/Litro | D10: 1 | E10: 1 | F10: =+materiales!L11 -> 27141 | G10: =+ROUND(F10*D10,0) -> 27141
A11: SUBTOTAL MATERIALES | G11: =SUM(G8:G10) -> 303079
A13: EQUIPOS
A14: Descripción | C14: Unidad | D14: Cantidad | E14: Rendimiento | F14: Valor-Unit. | G14: Vr. Total
A15: Herramienta menor (5% Mano de Obra) | C15: % | D15: 5 | F15: =+ROUND(G30*0.05,0) -> 79686 | G15: =+F15 -> 79686
A16: SUBTOTAL EQUIPO | G16: =SUM(G15:G15) -> 79686
A18: TRANSPORTE
A19: Material | C19: Unidad | D19: Cantidad | E19: Rendimiento | F19: Valor-Unit. | G19: Vr. Total
A20: Transporte de insumos (10% materiales) | C20: % | D20: 10 | F20: =ROUND(0.1*G11,0) -> 30308 | G20: =+ROUND(G11*0.1,0) -> 30308
A21: SUBTOTAL TRANSPORTE | G21: =SUM(G20:G20) -> 30308
A23: MANO DE OBRA
A24: Trabajador | C24: Unidad | D24: Cantidad | E24: Rendimiento | F24: Jornal + prest. | G24: Vr. Total
A25: Ayudante (Plateo o deshierbe) | B25: Plateo o deshierbe | C25: Jornal | D25: 1 | E25: 0.11 | F25: =+'talleres-equipos-personal'!C42 -> 105054 | G25: =+ROUND(F25/E25,0) -> 955036
A26: Ayudante (Aplicación de fertilizantes y correctivos) | B26: Aplicación de fertilizantes y correctivos | C26: =C25 -> Jornal | D26: =D25 -> 1 | E26: 0.55 | F26: =+F25 -> 105054 | G26: =+ROUND(F26/E26,0) -> 191007
A27: Ayudante (Transporte interno de insumos) | B27: Transporte interno de insumos | C27: =C26 -> Jornal | D27: =D26 -> 1 | E27: =+E26 -> 0.55 | F27: =+F26 -> 105054 | G27: =+ROUND(F27/E27,0) -> 191007
A28: Ayudante (Control fitosanitario ) | B28: Control fitosanitario | C28: =C27 -> Jornal | D28: =D27 -> 1 | E28: =+E26 -> 0.55 | F28: =+F27 -> 105054 | G28: =+ROUND(F28/E28,0) -> 191007
A29: Ayudante (Replante) | C29: =C28 -> Jornal | D29: =D28 -> 1 | E29: 1.6 | F29: =+F28 -> 105054 | G29: =+ROUND(F29/E29,0) -> 65659
A30: SUBTOTAL MANO DE OBRA | G30: =SUM(G25:G29) -> 1593716
A32: TOTAL COSTO DIRECTO | G32: =ROUND(G16+G11+G21+G30,0) -> 2006789
E34: A | F34: 0.14 | G34: =+ROUND(F34*G32,0) -> 280950
E35: I | F35: 0.01 | G35: =+ROUND(F35*G32,0) -> 20068
E36: U | F36: 0.1 | G36: =+ROUND(F36*G32,0) -> 200679
E37: IVA Sobre U | F37: 19% de U | G37: =ROUND(0.19*G36,0) -> 38129
E38: TOTAL APU | G38: =ROUND(SUM(G32:G37),4) -> 2546615

Sheet Actividad 2.1.1
B2: VALOR ACTIVIDAD
B3: ACTIVIDAD | C3: NOMBRE DE LA ACTIVIDAD | D3: UNIDAD DE LA ACTIVIDAD | E3: CANTIDAD DE LA ACTIVIDAD | F3: VALOR UNITARIO ACTIVIDAD | G3: VALOR TOTAL ACTIVIDAD
B4: 2.1.1 | C4: Realizar talleres de sensibilización en el manejo de residuos solidos | D4: Número | E4: 10 | F4: =+G9/E4 -> 2633250 | G4: =+ROUND(E4*F4,0) -> 26332500
B6: VALOR DE LOS ITEMS QUE CONFORMAN LA ACTIVIDAD
B7: Item | C7: Nombre del Item | D7: Unidad del item | E7: Cantidad Item | F7: Vr Unitario Item | G7: Valor Total Item
B8: 2.1.1.1 | C8: Taller de sensibilización en el manejo de residuos sólidos | D8: Taller | E8: 10 | F8: =+'APU 2.1.1.1'!F32 -> 2633250 | G8: =+F8*E8 -> 26332500
B9: TOTAL ITEMS | G9: =SUM(G8:G8) -> 26332500

Sheet APU 2.1.1.1
A1: ANALISIS DE PRECIOS UNITARIOS
A3: ITEM | B3: DESCRIPCION | F3: UNIDAD
A4: 2.1.1.1 | B4: Taller de sensibilización en el manejo de residuos sólidos | F4: TALLER
A6: MATERIALES
A7: DESCRIPCION | B7: UNIDAD | C7: CANTIDAD | D7: RENDIMIENTO | E7: VALOR UNITARIO | F7: TOTAL
A8: Salon | B8: dia | C8: 1 | D8: 1 | E8: =+'talleres-equipos-personal'!K9 -> 325000 | F8: =+E8*C8 -> 325000
A9: Almuerzos | B9: numero | C9: 25 | D9: 1 | E9: =+'talleres-equipos-personal'!K10 -> 19667 | F9: =+E9*C9 -> 491675
A10: Refrigerios | B10: numero | C10: 25 | D10: 1 | E10: =+'talleres-equipos-personal'!K11 -> 17533 | F10: =+C10*E10 -> 438325
A11: SUB-TOTAL MATERIALES | F11: =+SUM(F8:F10) -> 1255000
A13: EQUIPOS
A14: DESCRIPCION | B14: UNIDAD | C14: CANTIDAD | D14: RENDIMIENTO | E14: VALOR UNITARIO | F14: TOTAL
A15: Ayudas Audiovisuales (Videobeam mas computador) | B15: dia | C15: 1 | D15: 1 | E15: =+'talleres-equipos-personal'!K7 -> 263333 | F15: =+E15*C15 -> 263333
A16: SUB-TOTAL EQUIPOS | F16: =+F15 -> 263333
A18: TRANSPORTE
A19: DESCRIPCION | B19: UNIDAD | C19: CANTIDAD | D19: RENDIMIENTO | E19: VALOR UNITARIO | F19: TOTAL
A20: Gastos transporte personal | B20: dia | C20: 1 | D20: 1 | E20: 250000 | F20: =+E20*C20 -> 250000
A21: SUB-TRANSPORTE | F21: =+F20 -> 250000
A23: MANO DE OBRA
A24: DESCRIPCION | B24: UNIDAD | C24: CANTIDAD | D24: RENDIMIENTO | E24: VALOR UNITARIO | F24: TOTAL
A25: Tallerista | B25: dia | C25: 1 | D25: 1 | E25: =+'talleres-equipos-personal'!K4 -> 296032 | F25: =+E25*C25*D25 -> 296032
A26: Auxiliar | B26: dia | C26: 1 | D26: 1 | E26: =+'talleres-equipos-personal'!K5 -> 148450 | F26: =+E26*C26*D26 -> 148450
A27: SUB-TOTAL MANO DE OBRA | F27: =+F25+F26 -> 444482
A29: TOTAL COSTO DIRECTO | F29: =+ROUND(F21+F27+F16+F11,0) -> 2212815
D31: IVA | E31: 0.19 | F31: =ROUND(0.19*F29,0) -> 420435
D32: TOTAL APU | F32: =+F29+F31 -> 2633250

Sheet Actividad 2.1.2
B2: VALOR ACTIVIDAD
B3: ACTIVIDAD | C3: NOMBRE DE LA ACTIVIDAD | D3: UNIDAD DE LA ACTIVIDAD | E3: CANTIDAD DE LA ACTIVIDAD | F3: VALOR UNITARIO ACTIVIDAD | G3: VALOR TOTAL ACTIVIDAD
B4: 2.1.1 | C4: Talleres de sensibilización en el cuidado de las obras | D4: Número | E4: 2 | F4: =+G9/E4 -> 2633250 | G4: =+ROUND(E4*F4,0) -> 5266500
B6: VALOR DE LOS ITEMS QUE CONFORMAN LA ACTIVIDAD
B7: Item | C7: Nombre del Item | D7: Unidad del item | E7: Cantidad Item | F7: Vr Unitario Item | G7: Valor Total Item
B8: 2.1.1.1 | C8: Talleres de sensibilización en el cuidado de las obras | D8: Taller | E8: 2 | F8: =+'APU 2.1.2.1'!F32 -> 2633250 | G8: =+F8*E8 -> 5266500
B9: TOTAL ITEMS | G9: =SUM(G8:G8) -> 5266500

Sheet APU 2.1.2.1
A1: ANALISIS DE PRECIOS UNITARIOS
A3: ITEM | B3: DESCRIPCION | F3: UNIDAD
A4: 2.1.2.1 | B4: Talleres de sensibilización en el cuidado de las obras | F4: TALLER
A6: MATERIALES
A7: DESCRIPCION | B7: UNIDAD | C7: CANTIDAD | D7: RENDIMIENTO | E7: VALOR UNITARIO | F7: TOTAL
A8: Salon | B8: Dia | C8: 1 | D8: 1 | E8: =+'talleres-equipos-personal'!K9 -> 325000 | F8: =+E8*C8 -> 325000
A9: Almuerzos | B9: numero | C9: 25 | D9: 1 | E9: =+'talleres-equipos-personal'!K10 -> 19667 | F9: =+E9*C9 -> 491675
A10: Refrigerios | B10: numero | C10: 25 | D10: 1 | E10: =+'talleres-equipos-personal'!K11 -> 17533 | F10: =+C10*E10 -> 438325
A11: SUB-TOTAL MATERIALES | F11: =+SUM(F8:F10) -> 1255000
A13: EQUIPOS
A14: DESCRIPCION | B14: UNIDAD | C14: CANTIDAD | D14: RENDIMIENTO | E14: VALOR UNITARIO | F14: TOTAL
A15: Ayudas Audiovisuales (Videobeam mas computador) | B15: Dia | C15: 1 | D15: 1 | E15: =+'talleres-equipos-personal'!K7 -> 263333 | F15: =+E15*C15 -> 263333
A16: SUB-TOTAL EQUIPOS | F16: =+SUM(F15:F15) -> 263333
A18: TRANSPORTE
A19: DESCRIPCION | B19: UNIDAD | C19: CANTIDAD | D19: RENDIMIENTO | E19: VALOR UNITARIO | F19: TOTAL
A20: Gastos transporte personal | B20: Dia | C20: 1 | D20: 1 | E20: 250000 | F20: =+E20*C20 -> 250000
A21: SUB-TRANSPORTE | F21: =+F20 -> 250000
A23: MANO DE OBRA
A24: DESCRIPCION | B24: UNIDAD | C24: CANTIDAD | D24: RENDIMIENTO | E24: VALOR UNITARIO | F24: TOTAL
A25: Tallerista | B25: Dia | C25: 1 | D25: 1 | E25: =+'talleres-equipos-personal'!K4 -> 296032 | F25: =+E25*C25*D25 -> 296032
A26: Auxiliar | B26: Dia | C26: 1 | D26: 1 | E26: =+'talleres-equipos-personal'!K5 -> 148450 | F26: =+E26*C26*D26 -> 148450
A27: SUB-TOTAL MANO DE OBRA | F27: =+F25+F26 -> 444482
A29: TOTAL COSTO DIRECTO | F29: =+ROUND(F21+F27+F16+F11,0) -> 2212815
D31: IVA | E31: 0.19 | F31: =ROUND(0.19*F29,0) -> 420435
D32: TOTAL APU | F32: =+F29+F31 -> 2633250
